 Dungeon Crawl Stone Soup version 0.29.1-12-g30fa7ad0bf (webtiles) character file.

Game seed: 3777752727803989043

112 Gabide the Ducker (level 5, 0/41 (42) HPs)
             Began as a Human Monk on Jan 8, 2023.
             Succumbed to Crazy Yiuf's poison
             ... on level 3 of the Dungeon.
             The game lasted 00:06:05 (3914 turns).

Gabide the Ducker (Human Monk)                      Turns: 3914, Time: 00:06:05

HP:   0/41 (42)     AC:  5    Str: 13      XL:     5   Next: 16%
MP:   5/5           EV: 12    Int: 10      God:
Gold: 81            SH:  0    Dex: 15 (16) Spells: 4/4 levels left

rFire   . . .      SeeInvis .   a - +1 spear
rCold   . . .      Faith    .   (no shield)
rNeg    . . .      Spirit   .   d - +0 ring mail
rPois   .          Reflect  .   (no helmet)
rElec   .          Harm     .   (no cloak)
rCorr   .          Rampage  .   (no gloves)
Will    .....                   (no boots)
Stlth   +.........              (no amulet)
HPRegen 0.13/turn               (no ring)
MPRegen 0.09/turn               (no ring)

@: lethally poisoned (0 -> -6), lightly drained
A: no striking features
a: no special abilities


You were on level 3 of the Dungeon.
You visited 1 branch of the dungeon, and saw 3 of its levels.

You collected 81 gold pieces.

Inventory:

Hand Weapons
 a - a +1 spear (weapon)
 b - a +0 lajatang
Armour
 d - a +0 ring mail (worn)
Wands
 m - a wand of polymorph (9)
Scrolls
 h - a scroll of blinking {unknown}
 i - a scroll of butterflies {unknown}
Potions
 l - a potion of degeneration


   Skills:
 - Level 4.0 Fighting
 + Level 3.9 Polearms
 * Level 0.0 Armour
 - Level 4.0 Dodging
 - Level 2.0 Stealth


You had 4 spell levels left.
You didn't know any spells.
Your spell library was empty.

Dungeon Overview and Level Annotations

Branches:
Dungeon (3/15)

Altars:

Annotations:
D:3 Crazy Yiuf


Message History

Crazy Yiuf laughs, "Mountain tea high!"
Crazy Yiuf misses you.
You hit Crazy Yiuf.
Crazy Yiuf is moderately wounded.
Crazy Yiuf whimpers, "Tonal wrapper pontify!"
Crazy Yiuf hits you with a +2 quarterstaff of chaos!
You closely miss Crazy Yiuf.
Crazy Yiuf is moderately wounded.
Crazy Yiuf hits you with a +2 quarterstaff of chaos!
You feel yourself speed up.
You hit Crazy Yiuf but do no damage.
Crazy Yiuf is moderately wounded.
You hit Crazy Yiuf.
Crazy Yiuf is heavily wounded.
Crazy Yiuf closely misses you.
You hit Crazy Yiuf.
Crazy Yiuf is heavily wounded.
Crazy Yiuf hits you with a +2 quarterstaff of chaos!
* * * LOW HITPOINT WARNING * * *
You are lethally poisoned!
It was a potion of cancellation.
Your magical effects are unravelling.
You feel magically purged.
You feel yourself slow down.
* * * LOW HITPOINT WARNING * * *
You feel sick.
Really quaff the potion of lignification?
You turn into a tree.
Your +0 ring mail melds into your body.
Your roots penetrate the ground.
* * * LOW HITPOINT WARNING * * *
You feel sick. Crazy Yiuf hits you but does no damage.
You feel drained.
Okay, then.
Okay, then.
Okay, then.
Okay, then.
Your magical effects are unravelling.
You feel magically purged.
You feel less wooden.
Your +0 ring mail unmelds from your body.
You die...

#..###.....# ...#
##)#..#
#.####.#...#
#.###..# ##.#.#.#
#######...##.#
###
###.#..#.#####.#
#...##..#.....)##
#.#
#...g@####.)....#
#.# #)..###
##.#...###.# ###
####......#
#.###### ###


You could see Crazy Yiuf.

Vanquished Creatures
  A scorpion (D:1)
  A gnoll (D:2)
  An adder (D:2)
  A worm (D:2)
  A dart slug (D:1)
  4 ball pythons
  2 endoplasms (D:1)
  2 giant cockroaches
  A goblin (D:2)
  3 hobgoblins (D:1)
  2 jackals (D:2)
  A quokka (D:1)
  7 bats
  4 frilled lizards
  A kobold (D:2)
  4 rats
36 creatures vanquished.

Notes
Turn   | Place    | Note
-------+----------+-------------------------------------------
     0 | D:1      | Gabide the Human Monk began the quest for the Orb.
     0 | D:1      | Reached XP level 1. HP: 18/18 MP: 1/1
   308 | D:1      | Reached XP level 2. HP: 24/24 MP: 2/2
   783 | D:1      | Found a faded altar of an unknown god.
  1020 | D:1      | Reached XP level 3. HP: 29/29 MP: 3/3
  1638 | D:2      | Noticed a scorpion
  2773 | D:2      | HP: 1/29 [gnoll/+0 spear (9)]
  3096 | D:1      | Killed a scorpion
  3097 | D:1      | Reached XP level 4. HP: 23/37 MP: 4/4
  3218 | D:2      | Reached XP level 5. HP: 42/42 MP: 5/5
  3899 | D:3      | Found a runed translucent door.
  3900 | D:3      | Noticed Crazy Yiuf
  3912 | D:3      | HP: 2/42 [poisoned by Crazy Yiuf]
  3914 | D:3      | Succumbed to Crazy Yiuf's poison

Illustrated notes

Levels and vault maps discovered:
D:1:      amcnicky_arrival_blooded_trapdoor, layout_basic,
          shapermc_ecumenical_altar_pompeii
D:2:      layout_loops_ring, chequers_serial_rivers_large_b,
          cheibrodos_gnoll_hut
D:3:      layout_loops_ring, grunt_decor_junction, minmay_strange_pillars,
          uniq_crazy_yiuf_cottage, uniq_ijyb

Skill      XL: |  1  2  3  4  5 |
---------------+----------------+-----
Dodging        | 4 |  4.0
Fighting       | 4 |  4.0
Polearms       | |  3.9
Stealth        | |  2.0

Action                   |  1- 3 |  4- 6 || total
-------------------------+-------+-------++-------
Melee: Spear             |   119 |    23 ||   142
  Use: Scroll            |     5 |       ||     5
       Potion            |     4 |     3 ||     7
 Stab: Sleeping          |     9 |     2 ||    11
       Distracted        |     1 |       ||     1
Armor: Robe              |    19 |     1 ||    20
       Skin              |       |     1 ||     1
Dodge: Dodged            |    65 |     9 ||    74
